 Dungeon Crawl Stone Soup version 0.28-a0-1236-gb25a51b929 (webtiles) character file.

Game seed: 17792066232320468041

7 ragingrage the Caller (level 1, 0/7 HPs)
             Began as a Felid Summoner on Dec 25, 2021.
             Slain by a ball python (1 damage)
             ... on level 1 of the Dungeon.
             The game lasted 00:00:45 (546 turns).

ragingrage the Caller (Felid Summoner)               Turns: 546, Time: 00:00:46

Health: 0/7        AC:  1    Str:  4    XL:     1   Next: 91%
Magic:  2/4        EV: 17    Int: 16    God:
Gold:   16         SH:  0    Dex: 16    Spells: 3/4 levels left
                                        Lives:  0   Deaths: 0

rFire   . . .      SeeInvis +   (weapon unavailable)
rCold   . . .      Faith    .   (shield unavailable)
rNeg    . . .      Spirit   .   (armour unavailable)
rPois   .          Reflect  .   (helmet unavailable)
rElec   .          Harm     .   (cloak unavailable)
rCorr   .          Rampage  .   (gloves unavailable)
Will    .....                   (boots unavailable)
Stlth   ++........              (no amulet)
HPRegen 0.02/turn               (no ring)
MPRegen 0.09/turn               (no ring)

@: quick
A: very small, claws 1, fangs 3, see invisible, speed 1, shaggy fur 1, stealthy
paws, no weapons or thrown items, no armour, multi-lived
a: no special abilities


You were on level 1 of the Dungeon.
You visited 1 branch of the dungeon, and saw 1 of its levels.

You collected 16 gold pieces.

Inventory:

Scrolls
 a - a scroll of holy word {unknown}


   Skills:
 - Level 2.6 Dodging
 - Level 2.6 Stealth
 + Level 2.3 Spellcasting
 + Level 4.2 Summonings


You had 3 spell levels left.
You knew the following spells:

 Your Spells              Type           Power      Damage    Failure   Level
a - Summon Small Mammal   Summ           60%        N/A       3%          1

Your spell library contained the following spells:

 Spells                   Type           Power      Damage    Failure   Level
 Call Imp                 Summ           15%        N/A       5%          2
 Call Canine Familiar     Summ           15%        N/A       11%         3
 Summon Guardian Golem    Hex/Summ       8%         N/A       26%         3
 Summon Lightning Spire   Summ/Air       8%         N/A       63%         4


Dungeon Overview and Level Annotations

Branches:
Dungeon (1/15)

Altars:


Innate Abilities, Weirdness & Mutations

You have sharp claws.
You have razor-sharp teeth.
You have supernaturally acute eyesight. (SInv)
You cover ground quickly. (Speed+)
You are covered in fur. (AC +1)
Your paws help you pounce on unaware monsters.
You are incapable of wielding weapons or throwing items.
You cannot wear armour.
You gain extra lives every three experience levels.


Message History

Your bat hits the giant cockroach but does no damage.
Your bat barely misses the giant cockroach.
Your rat bites the giant cockroach but does no damage.
The giant cockroach bites your bat. The ball python closely misses you.
The ball python grabs you. The ball python constricts you.
You escape the ball python's grasp.
Your bat hits the giant cockroach.
Your rat closely misses the giant cockroach.
Your bat hits the giant cockroach but does no damage.
Your bat closely misses the giant cockroach.
The giant cockroach completely misses your bat.
The rat barely misses you.
Found a scroll labelled ETHREM BASY.
Your bat hits the giant cockroach but does no damage.
Your rat bites the giant cockroach but does no damage.
The goblin hits you with a +0 club.
The giant cockroach barely misses your bat.
Your bat hits the giant cockroach but does no damage.
The ball python bites you. The ball python closely misses you.
Your bat barely misses the rat.
Your bat hits the rat.
The rat bites your bat but does no damage.
Your bat hits the rat.
The rat dies!
Your bat barely misses the ball python.
Casting: Summon Small Mammal (safe; 3% risk of failure)
Confirm with . or Enter, or press ? or * to list all spells.
Your bat disappears in a puff of smoke!
The ball python misses you. The ball python closely misses you.
Casting: Summon Small Mammal (safe; 3% risk of failure)
Confirm with . or Enter, or press ? or * to list all spells.
The ball python bites you.
The ball python completely misses you. x2
The ball python misses you.
You scratch the ball python but do no damage.
The ball python bites you.
* * * LOW HITPOINT WARNING * * *
The ball python misses you.
You closely miss the ball python.
You bite the ball python, but do no damage.
Your rat barely misses the ball python.
The ball python bites you.
You die...

#...#.[.#≈≈≈≈..........##.##
#####.#'#'#≈≈≈.).......## ..
...÷..#...'≈≈≈...#..#...# .
+###'##..('≈≈≈........#.##
≈≈≈≈≈≈#+#'#≈≈≈.......##..##.####
≈≈≈≈≈≈≈≈≈≈≈≈≈≈.B.g..###........#
≈≈≈≈≈≈≈≈≈≈≈≈≈≈...##.# #........#
≈≈≈≈≈≈≈≈≈≈≈≈≈≈.rS##.# #........#
...............r@##.. #..#######
.........................#
.....###.........###...#.# .....
......##..# ##...# .... ..##
#.... ### ..# ##


You could see a giant cockroach, a goblin, a ball python (ally target), a
friendly quokka (summoned) and a friendly rat (summoned).

Vanquished Creatures
  2 bats (D:1)
  A ball python (D:1)
3 creatures vanquished.

Vanquished Creatures (collateral kills)
  A ball python (D:1)
  A frilled lizard (D:1)
  2 goblins (D:1)
  A rat (D:1)
5 creatures vanquished.

Grand Total: 8 creatures vanquished

Notes
Turn   | Place    | Note
-------+----------+-------------------------------------------
     0 | D:1      | ragingrage the Felid Summoner began the quest for the Orb.
     0 | D:1      | Reached XP level 1. HP: 7/7 MP: 4/4
   546 | D:1      | Slain by a ball python

Illustrated notes

Levels and vault maps discovered:
D:1:      dpeg_arrival_castle, layout_rooms

Action                   || total
-------------------------++-------
Melee: Unarmed           ||    11
       Bite              ||     1
 Cast: Summon Small Mamm ||    13
Armor: Skin              ||     2
Dodge: Dodged            ||    33

Table legend: (Time is in decaauts)
 A = Elapsed time spent in this place.
 B = Non-inter-level travel time spent in this place.
 C = Inter-level travel time spent in this place.
 D = Time resting spent in this place.
 E = Time spent auto-exploring this place.
 F = Levels seen in this place.
 G = Mean time per level.
                   A        B        C        D        E       F      G
               +--------+--------+--------+--------+--------+-----+--------+
         Total |    520 |    520 |      0 |    136 |    288 |   1 |  520.0 |
       Dungeon |    520 |    520 |      0 |    136 |    288 |   1 |  520.0 |
               +--------+--------+--------+--------+--------+-----+--------+

Top non-repeatable levels by time:
     D:1: 520 daAuts
